 Dungeon Crawl Stone Soup version 0.17-a0-186-g8d083fd (webtiles) character file.

4 squibie the Magician (level 1, 0/10 HPs)
             Began as a Deep Elf Wizard on Mar 27, 2015.
             Slain by a hobgoblin
             ... wielding a +0 club
              (5 damage)
             ... on level 1 of the Dungeon.
             The game lasted 00:00:33 (193 turns).

squibie the Magician (Deep Elf Wizard)               Turns: 193, Time: 00:00:33

Health: 0/10       AC:  2    Str:  4    XL:     1   Next: 58%
Magic:  2/6        EV: 12    Int: 22    God:
Gold:   0          SH:  0    Dex: 13    Spells: 1 memorised, 7 levels left

rFire  . . .     SeeInvis .     (no weapon)
rCold  . . .     Clarity  .     a - +0 robe
rNeg   . . .     SustAb   .     (no shield)
rPois  .         Gourm    .     b - +0 hat
rElec  .         Spirit   .     (no cloak)
rCorr  .         Warding  .     (no gloves)
rMut   .         Stasis   .     (no boots)
MR     .....                    j - amulet of inaccuracy (curse)
Stlth  ++........               (no ring)
                                e - ring of flight

@: very slightly contaminated, not resistant to hostile enchantments, unstealthy
A: no striking features
a: Evoke Flight


You were on level 1 of the Dungeon.
You were not hungry.

You visited 1 branch of the dungeon, and saw 1 of its levels.

Inventory:

Armour
 a - a +0 robe (worn)
 b - a +0 hat (worn)
Jewellery
 e - a ring of flight (left hand)
 j - a cursed amulet of inaccuracy (around neck)
Scrolls
 i - a scroll of immolation {unknown}
Potions
 g - a potion of degeneration {unknown}
Books
 c - a book of Minor Magic

   Spells                             Type                      Level
   a - Magic Dart                     Conjuration                  1
   b - Blink                          Translocation                2
   c - Call Imp                       Summoning                    2
   d - Repel Missiles                 Charms/Air                   2
   e - Slow                           Hexes                        2
   f - Conjure Flame                  Conjuration/Fire             3
   g - Mephitic Cloud                 Conjuration/Poison/Air       3
Comestibles
 d - a bread ration
 f - a meat ration
 h - a beef jerky


   Skills:
 - Level 2.4 Dodging
 - Level 2.4 Stealth
 - Level 4.4 Spellcasting
 + Level 1.9 Conjurations
   Level 1.1 Summonings
   Level 1.1 Translocations


You had 7 spell levels left.
You knew the following spells:

 Your Spells              Type           Power        Failure   Level  Hunger
a - Magic Dart            Conj           ##..         6%          1    None


Dungeon Overview and Level Annotations

Branches:
Dungeon (1/15)

Altars:


Message History

Press: ? - help, Shift-Dir - straight line, f/p - hobgoblin
Aim: a hobgoblin, wielding a club (severely wounded)
The magic dart hits the hobgoblin.
You kill the hobgoblin!
Casting: Magic Dart
Confirm with . or Enter, or press ? or * to list all spells.
You don't have enough magic to cast that spell.
Casting: Magic Dart
Confirm with . or Enter, or press ? or * to list all spells.
You don't have enough magic to cast that spell.
Casting: Magic Dart
Confirm with . or Enter, or press ? or * to list all spells.
You don't have enough magic to cast that spell.
You barely miss the hobgoblin. The hobgoblin hits you with a club.
Ouch! That really hurt!
You barely miss the hobgoblin.
The hobgoblin hits you but does no damage.
You hit the hobgoblin but do no damage. The hobgoblin hits you with a club.
Ouch! That really hurt!
You die...

......†.......#
...#..........#
...#..........#
...#[.........#
...#..........#
....[.###.#...#
...#### #.#...#
##.######.#...#####
#†...........gg@[#
########.#######.#
#.......#.#
#######...# #####


You could see 2 hobgoblins.

Vanquished Creatures
  2 hobgoblins (D:1)
  A bat (D:1)
  A giant cockroach (D:1)
  A rat (D:1)
5 creatures vanquished.

Notes
Turn   | Place    | Note
--------------------------------------------------------------
     0 | D:1      | squibie, the Deep Elf Wizard, began the quest for the Orb.
     0 | D:1      | Reached XP level 1. HP: 10/10 MP: 6/6
     2 | D:1      | Noticed an elf
     4 | D:1      | Noticed a vampire
     6 | D:1      | Noticed a vine stalker
     6 | D:1      | Noticed a gargoyle
     8 | D:1      | Noticed a ghoul
     8 | D:1      | Noticed a tengu
    10 | D:1      | Noticed a centaur
    10 | D:1      | Noticed an octopode
    12 | D:1      | Noticed a merfolk
    12 | D:1      | Noticed a naga
    14 | D:1      | Noticed a spriggan
    16 | D:1      | Noticed a felid
    18 | D:1      | Noticed a minotaur
    20 | D:1      | Noticed a demigod
    20 | D:1      | Noticed a draconian
    22 | D:1      | Noticed an ogre
    22 | D:1      | Noticed a dwarf
    24 | D:1      | Noticed a formicid
    24 | D:1      | Noticed a troll
    26 | D:1      | Noticed a human
    26 | D:1      | Noticed a demonspawn
   193 | D:1      | Slain by a hobgoblin

Action                   || total
-------------------------++-------
Melee: Unarmed           ||     9
 Cast: Magic Dart        ||    11
